 Seeded DCSS version 0.27.1 (webtiles) character file.

Game seed: 101 (custom seed)

2494 a11behringer the Carver (level 9, -6/65 HPs)
             Began as a Formicid Fighter on Aug 26, 2021.
             Was an Elder of Fedhas.
             Mangled by a troll (9 damage)
             ... on level 9 of the Dungeon.
             The game lasted 00:37:41 (7010 turns).

a11behringer the Carver (Formicid Fighter)          Turns: 7010, Time: 00:37:42

Health: -6/65      AC: 14    Str: 22    XL:     9   Next: 82%
Magic:  11/11      EV:  5    Int:  8    God:    Fedhas [****..]
Gold:   155        SH: 10    Dex: 18    Spells: 8/8 levels left

rFire    . . .     SeeInvis +   a - +0 long sword
rCold    . . .     Faith    .   c - +0 kite shield
rNeg     . . .     Spirit   .   s - +0 plate armour
rPois    .         Reflect  .   (helmet unavailable)
rElec    .         Harm     .   z - +0 cloak
rCorr    +         Rampage  .   v - +0 pair of gloves
Will     .....                  (no boots)
Stlth    ..........             p - amulet of regeneration
HPRegen  1.20/turn              i - ring of resist corrosion
MPRegen  0.12/turn              l - +6 ring of dexterity

@: no status effects
A: permanent stasis, dig shafts and tunnels, antennae 3, four strong arms
a: Dig, Shaft Self, Renounce Religion, Wall of Briars, Grow Ballistomycete,
Overgrow


You were on level 9 of the Dungeon.
You worshipped Fedhas.
Fedhas was greatly pleased with you.
You visited 1 branch of the dungeon, and saw 9 of its levels.

You collected 311 gold pieces.
You spent 156 gold pieces at shops.

Inventory:

Hand Weapons
 a - a +0 long sword (weapon)
Armour
 b - a +0 scale mail
 c - a +0 kite shield (worn)
 g - a +0 chain mail
 s - a +0 plate armour (worn)
 v - a +0 pair of gloves (worn)
 z - a +0 cloak (worn)
Jewellery
 i - a ring of resist corrosion (left hand)
 k - a ring of ice
 l - a +6 ring of dexterity (right hand)
 n - an amulet of the acrobat
 p - an amulet of regeneration (around neck)
 q - a ring of fire
Wands
 w - a wand of flame (18) (quivered)
 y - a wand of charming (10)
 B - a wand of paralysis (8)
Scrolls
 e - 3 scrolls of teleportation
 f - a scroll of magic mapping
 h - a scroll of torment
 r - a scroll of brand weapon
 u - a scroll of fog
Potions
 d - 4 potions of curing
 j - 4 potions of flight
 o - 2 potions of brilliance
 t - a potion of lignification
 x - a potion of attraction
 A - a potion of cancellation


   Skills:
 + Level 4.3 Fighting
 * Level 11.0 Long Blades
 + Level 4.5 Armour
 + Level 4.9 Shields
 * Level 3.0 Invocations
 * Level 2.7 Evocations


You had 8 spell levels left.
You didn't know any spells.
Your spell library contained the following spells:

 Spells                   Type           Power      Damage    Failure   Level
 Apportation              Tloc           0%         N/A       100%        1
 Foxfire                  Conj/Fire      0%         2x1d4     100%        1
 Magic Dart               Conj           0%         1d3       100%        1
 Summon Small Mammal      Summ           0%         N/A       100%        1
 Corpse Rot               Necr/Air       N/A        N/A       100%        2
 Poisonous Vapours        Pois/Air       0%         N/A       100%        2
 Searing Ray              Conj           0%         3d3       100%        2
 Call Canine Familiar     Summ           0%         N/A       100%        3
 Conjure Flame            Conj/Fire      0%         6-21      100%        3
 Inner Flame              Hex/Fire       0%         N/A       100%        3
 Stone Arrow              Conj/Erth      0%         3d7       100%        3
 Summon Guardian Golem    Hex/Summ       0%         N/A       100%        3
 Tukima's Dance           Hex            0%         N/A       100%        3
 Airstrike                Air            0%         N/A       100%        4
 Fulminant Prism          Conj/Hex       0%         3d6       100%        4
 Passage of Golubria      Tloc           N/A        N/A       100%        4
 Summon Lightning Spire   Summ/Air       0%         N/A       100%        4
 Alistair's Intoxication  Tmut/Pois      0%         N/A       100%        5
 Bolt of Magma            Conj/Fire/Erth 0%         4d4       100%        5
 Freezing Cloud           Conj/Ice/Air   0%         6-21      100%        5
 Lightning Bolt           Conj/Air       0%         1d11      100%        5
 Yara's Violent Unravell  Hex/Tmut       0%         3d3       100%        5
 Invisibility             Hex            0%         N/A       100%        6
 Shatter                  Erth           0%         3d5*      100%        9


Dungeon Overview and Level Annotations

Branches:
Dungeon (9/15)             Temple (0/1) D:7
   Lair: D:8-11         Orc: D:9-12

Altars:
Fedhas
Gozag
Nemelex Xobeh
Uskayaw

Shops:
D:2 *

Annotations:
D:5 2 transporters, hawla's ghost, weakling DEDe


Innate Abilities, Weirdness & Mutations

You cannot be hasted, slowed, berserked, paralysed or teleported.
You can dig through walls and to a lower floor.
You have a pair of large antennae on your head. (SInv)
Your four strong arms can wield two-handed weapons with a shield.


Message History

You block the troll's attack. The troll claws you.
You block the troll's attack.
You hit the troll but do no damage.
The troll is lightly wounded.
The troll bites you. You block the troll's attack. The troll claws you!
You hit the troll.
The troll is lightly wounded.
The troll bites you but does no damage. You block the troll's attack. x2
You slash the troll!
The troll is heavily wounded.
The troll bites you! You block the troll's attack. The troll barely misses you.
You closely miss the troll.
The troll is moderately wounded.
The troll bites you! You block the troll's attack. x2
You hit the troll.
The troll is heavily wounded.
The troll bites you. The troll claws you but does no damage.
The troll barely misses you.
You closely miss the troll.
The troll is heavily wounded.
The troll bites you! You block the troll's attack. The troll claws you.
You barely miss the troll.
The troll is heavily wounded.
You block the troll's attack. The troll claws you!
* * * LOW HITPOINT WARNING * * *
You block the troll's attack.
You closely miss the troll.
The troll is heavily wounded.
The troll bites you.
* * * LOW HITPOINT WARNING * * *
The troll claws you but does no damage. The troll completely misses you.
You closely miss the troll.
The troll is moderately wounded.
You block the troll's attack. x2; The troll claws you!
* * * LOW HITPOINT WARNING * * *
You hit the troll.
The troll is moderately wounded.
You block the troll's attack. The troll claws you!
You die...
Fedhas appreciates your contribution to the ecosystem.

.......
......(.. ...#
........ ....#
....... ....#
#....# ...#
##...(###...##
#.....T......#
#.....@......#
#............+
##....##....##
#....##....#
#.....#....#
#.....#....#
#.....#....#
#.....#....#
#.....#....#


You could see a troll.

Vanquished Creatures
  A steam dragon (D:8)
  A water moccasin (D:7)
  2 sky beasts
  2 black bears
  2 ice beasts
  A necrophage (D:8)
  2 ogres
  A centaur (D:5)
  A kobold brigand (D:9)
  2 scorpions
  2 bullfrogs (D:8)
  2 wights (D:7)
  2 centaur zombies
  A bullfrog zombie (D:5)
  3 hounds (D:5)
  2 jellies
  A gnoll shaman (D:7)
  2 orc priests
  3 iguanas
  8 orc wizards
  2 scorpion zombies (D:5)
  A killer bee zombie (D:8)
  5 gnolls (D:7)
  4 adders
  A howler monkey skeleton (D:6)
  A shadow imp (D:8)
  A white imp (D:8)
  A worm (D:3)
  5 dart slugs
  24 orcs
  7 ball pythons
  5 bats
  9 endoplasms
  4 giant cockroaches
  5 goblins
  8 hobgoblins
  3 jackals (D:5)
  4 quokkas
  4 frilled lizards
  8 kobolds
  5 rats
148 creatures vanquished.

Vanquished Creatures (collateral kills)
  3 wights (D:7)
3 creatures vanquished.

Vanquished Creatures (others)
  A bush (D:3)
1 creature vanquished.

Grand Total: 152 creatures vanquished

Notes
Turn   | Place    | Note
-------+----------+-------------------------------------------
     0 | D:1      | a11behringer the Formicid Fighter began the quest for the
                  | Orb.
     0 | D:1      | Reached XP level 1. HP: 18/18 MP: 1/1
    53 | D:1      | Reached XP level 2. HP: 24/24 MP: 2/2
   202 | D:1      | Found a faded altar of an unknown god.
   209 | D:1      | Became a worshipper of Fedhas Madash
   209 | D:1      | Reached * piety under Fedhas
   283 | D:1      | Reached XP level 3. HP: 21/29 MP: 3/3
   639 | D:1      | Reached skill level 3 in Long Blades
   803 | D:2      | Reached XP level 4. HP: 22/35 MP: 4/4
   833 | D:2      | Reached skill level 4 in Long Blades
  1244 | D:2      | Found Gaon's Assorted Antiques.
  1495 | D:3      | Found a hide-covered altar of Uskayaw.
  1540 | D:3      | Reached ** piety under Fedhas
  1644 | D:3      | Reached XP level 5. HP: 33/41 MP: 5/5
  1738 | D:3      | Reached skill level 5 in Long Blades
  2418 | D:4      | Reached XP level 6. HP: 47/47 MP: 6/6
  2478 | D:4      | Reached skill level 6 in Long Blades
  2725 | D:4      | Reached *** piety under Fedhas
  2960 | D:4      | Noticed an ogre
  2968 | D:4      | Killed an ogre
  2969 | D:4      | Reached XP level 7. HP: 4/52 MP: 7/7
  3301 | D:5      | Entered Level 5 of the Dungeon
  3339 | D:5      | Reached skill level 7 in Long Blades
  3466 | D:5      | Found a transporter.
  3473 | D:5      | Found a transporter.
  3473 | D:5      | Noticed hawla's ghost (weakling DEDe)
  3489 | D:5      | Found an opulent altar of Gozag.
  3489 | D:5      | Found a sparkling altar of Nemelex Xobeh.
  3626 | D:5      | Reached skill level 8 in Long Blades
  3705 | D:5      | Reached XP level 8. HP: 58/58 MP: 8/8
  3948 | D:2      | Bought a blackened cabochon ring for 130 gold pieces
  3948 | D:2      | Bought a scroll labelled HOSHRA UFICO for 26 gold pieces
  4251 | D:5      | Reached skill level 9 in Long Blades
  5247 | D:7      | Reached skill level 10 in Long Blades
  5379 | D:7      | Found a staircase to the Ecumenical Temple.
  5424 | D:7      | HP: 1/54 [wight (6)]
  5530 | D:7      | Reached XP level 9. HP: 24/57 MP: 5/9
  5587 | D:7      | Reached skill level 1 in Invocations
  5646 | D:7      | Reached skill level 1 in Evocations
  6234 | D:8      | Reached **** piety under Fedhas
  6664 | D:8      | HP: 3/65 [steam dragon/ball of steam (5)]
  6959 | D:9      | Reached skill level 11 in Long Blades
  6991 | D:9      | Noticed a troll
  7009 | D:9      | HP: 2/65 [troll (10)]
  7010 | D:9      | Mangled by a troll

Illustrated notes

Levels and vault maps discovered:
D:1:      minmay_arrival_glassed_features, layout_basic,
          hellmonk_ecumenical_altar_crossroads, minmay_pentomino_s2
D:2:      layout_loops_ring, serial_shops, shop_fountains, kennysheep_nub
D:3:      layout_basic, mainiacjoe_overflow_boulevard, bh_walls_and_bars
D:4:      layout_basic, serial_bayou_lagoon_b
D:5:      layout_gridville, grunt_temple_overflow_opulence,
          gammafunk_ghost_arena, chequers_serial_rivers_micro_e,
          minmay_misc_feat_chi
D:6:      layout_basic
D:7:      layout_basic, minmay_temple_entry_wispy
D:8:      layout_gridville, minmay_door_square, nicolae_benzene_ring
D:9:      layout_gridville, lair_entry_dummy, uniq_gastronok, uniq_maurice

Skill      XL: |  1  2  3  4  5  6  7  8  9 |
---------------+----------------------------+-----
Long Blades    | 3 4 5 6 8 10 11 | 11.0
Shields        | 4 |  4.9
Invocations    | 3 |  3.0
Evocations     | 2 |  2.7
Armour         | 4 |  4.5
Fighting       | 4 |  4.3

Action                   |  1- 3 |  4- 6 |  7- 9 || total
-------------------------+-------+-------+-------++-------
Melee: Long sword        |    67 |   207 |   380 ||   654
Invok: Wall of Briars    |       |       |     2 ||     2
 Abil: Dig               |     1 |     3 |     5 ||     9
  Use: Scroll            |       |     3 |    14 ||    17
       Potion            |       |       |     3 ||     3
Armor: Scale mail        |    21 |       |       ||    21
       Chain mail        |    11 |    98 |       ||   109
       Plate armour      |       |     5 |   230 ||   235
Dodge: Dodged            |    15 |    52 |    63 ||   130
Block: Kite shield       |    33 |    99 |   235 ||   367
       Rpst.: Long sword |       |    20 |    16 ||    36
